[Event "Norway Eliteserien 2023-24"]
[Site "Oslo"]
[Date "2024.03.08"]
[Round "7.54"]
[White "Lindbol, Aleksander"]
[Black "Schouten, Mathias Lind"]
[Result "1-0"]
[ECO "B22"]
[WhiteElo "2229"]
[BlackElo "2291"]
[Annotator "ChessBase"]
[PlyCount "77"]
[EventDate "2023.10.27"]
[EventType "team-tourn"]
[EventCountry "NOR"]
[SourceTitle "playchess.com"]
[Source "ChessBase"]
[SourceQuality "1"]
[TimeControl "40/5400+30:1800+30"]

1. e4 c5 2. Nf3 e6 3. c3 d5 4. exd5 exd5 5. d4 Nc6 6. Be3 Qb6 7. Qc2 Nf6 8. dxc5 Bxc5 9. Bxc5 Qxc5 10. Bd3 O-O 11. O-O Bg4 12. Nbd2 Rac8 13. Rac1 Qb6 14. Qb1 d4 15. h3 Bxf3 16. Nxf3 dxc3 17. Rxc3 Nd4 18. Nxd4 Qxd4 19. Rd1 Qf4 20. Qc1 Qb8 21. Be2 b6 22. Bf3 h6 23. b4 Rxc3 24. Qxc3 Rc8 25. Qd4 Qc7 26. b5 Qc5 27. Bc6 Qxd4 28. Rxd4 Kf8 29. Kf1 Ke7 30. g3 Rd8 31. Ra4 Ke6 32. Rxa7 Ng8 33. Rb7 Ra8 34. Rxb6 Rxa2 35. Bf3+ Ke5 36. Rb8 Ne7 37. b6 Rb2 38. b7 Kd6 39. Re8 1-0

[Event "Norway Eliteserien 2023-24"]
[Site "Oslo"]
[Date "2024.03.08"]
[Round "7.55"]
[White "Machlik, Monika"]
[Black "Kjolberg, Jens Hjorth"]
[Result "0-1"]
[ECO "D38"]
[WhiteElo "2068"]
[BlackElo "2183"]
[Annotator "RC"]
[PlyCount "178"]
[EventDate "2023.10.27"]
[EventType "team-tourn"]
[EventCountry "NOR"]
[SourceTitle "playchess.com"]
[Source "ChessBase"]
[SourceQuality "1"]
[TimeControl "40/5400+30:1800+30"]

1. d4 Nf6 2. c4 e6 3. Nf3 d5 4. Nc3 Bb4 5. cxd5 exd5 6. Bg5 h6 7. Bxf6 Qxf6 8. Qa4+ Nc6 9. e3 O-O 10. Be2 Be6 11. a3 Bxc3+ 12. bxc3 Ne7 13. O-O Bf5 14. c4 dxc4 15. Qxc4 c6 16. Qb3 Rab8 17. Rac1 Nc8 18. Ne5 Nd6 19. Bd3 Bxd3 20. Qxd3 Qe6 21. Rc5 f6 22. Ng6 Rfd8 23. Nf4 Qe7 24. Rfc1 Ne4 25. R5c2 Rd7 26. h3 Re8 27. a4 Qf7 28. Qa3 Qe7 29. Qb3+ Qf7 30. Qa3 Qe7 31. Qb3+ Qf7 32. Qb4 Qe7 33. Qb2 Qf7 34. Qb4 Qe7 35. Qb2 Qf7 36. Nd3 Rde7 37. Qb4 Kh7 38. Nf4 Rd7 39. Nd3 Rde7 40. Nf4 Rd7 41. Qb1 Kg8 42. Rb2 Qe7 43. Nd3 Qf7 44. Qc2 g5 45. Rcb1 Kg7 46. f3 Nd6 47. Nc5 Rde7 48. e4 b6 49. Nd3 Nc4 50. Rb3 Rd7 51. Rc3 Rxd4 52. Nb4 Qe6 53. Rc1 b5 54. axb5 cxb5 55. Nd5 Qe5 56. Qf2 Kg6 57. Rb3 Rd2 58. Qf1 a6 59. Ra1 Re6 60. Kh1 h5 61. Nb4 Qd4 62. Qg1 Qxg1+ 63. Kxg1 a5 64. Nd5 b4 65. Rc1 Rd4 66. Nc7 Rc6 67. Nd5 Kf7 68. Kh2 h4 69. Rc2 Ne5 70. Ra2 Nc4 71. Rc2 Ke6 72. Rc1 Rxd5 73. exd5+ Kxd5 74. f4 Kc5 75. fxg5 fxg5 76. Rf3 Kb5 77. Rf5+ Rc5 78. Rf8 b3 79. Rb8+ Nb6 80. Rb1 a4 81. Rg8 Kb4 82. Rb8 Rb5 83. Re8 a3 84. Re3 b2 85. g3 Nc4 86. Re2 Rd5 87. gxh4 gxh4 88. Re4 Rd2+ 89. Kg1 Rc2 0-1

[Event "Norway Eliteserien 2023-24"]
[Site "Oslo"]
[Date "2024.03.08"]
[Round "7.56"]
[White "Dahl, Max"]
[Black "Torfoss, Sivert Schanche"]
[Result "1-0"]
[ECO "A18"]
[WhiteElo "2207"]
[BlackElo "1962"]
[Annotator "ChessBase"]
[PlyCount "95"]
[EventDate "2023.10.27"]
[EventType "team-tourn"]
[EventCountry "NOR"]
[SourceTitle "playchess.com"]
[Source "ChessBase"]
[SourceQuality "1"]
[TimeControl "40/5400+30:1800+30"]

1. c4 Nf6 2. Nc3 e6 3. e4 Bb4 4. e5 Ng8 5. Qg4 g6 6. Nf3 d6 7. d4 c5 8. a3 Bxc3+ 9. bxc3 dxe5 10. dxe5 Nc6 11. Be2 Qc7 12. Qf4 b6 13. O-O Bb7 14. Rd1 Rd8 15. Be3 Nce7 16. Rxd8+ Qxd8 17. Ng5 Nf5 18. g4 h6 19. Nxf7 Kxf7 20. gxf5 gxf5 21. Rd1 Qc7 22. Rd6 Rh7 23. Bh5+ Kg7 24. Rxe6 Kh8 25. Rg6 Rg7 26. Rxg7 Qxg7+ 27. Qg3 Qd7 28. Be2 Qe6 29. Bf4 Ne7 30. Qh4 Qg6+ 31. Kf1 Ng8 32. f3 Qe6 33. Kf2 Ba6 34. Qh5 Kh7 35. Bd3 Bc8 36. Qh4 Qd7 37. Be2 Ba6 38. Be3 Qe6 39. Qf4 Ne7 40. Qh4 Kg7 41. Bxh6+ Kf7 42. Qh5+ Ng6 43. f4 Bc8 44. Bg5 Ke8 45. Qh6 Qg8 46. h4 Be6 47. h5 Ne7 48. Qf6 1-0

[Event "Norway Eliteserien 2023-24"]
[Site "Oslo"]
[Date "2024.03.09"]
[Round "8.11"]
[White "Hauge, Lars Oskar"]
[Black "SK 1911-I. Can"]
[Result "1/2-1/2"]
[ECO "B51"]
[WhiteElo "2486"]
[BlackElo "2512"]
[Annotator "NA"]
[PlyCount "97"]
[EventDate "2023.10.27"]
[EventType "team-tourn"]
[EventCountry "NOR"]
[SourceTitle "playchess.com"]
[Source "ChessBase"]
[SourceQuality "1"]
[TimeControl "40/5400+30:1800+30"]

1. e4 c5 2. Nf3 d6 3. Bb5+ Nd7 4. O-O a6 5. Bxd7+ Bxd7 6. d4 cxd4 7. Qxd4 Nf6 8. c4 g6 9. Nc3 Bg7 10. Qd3 O-O 11. Be3 b5 12. cxb5 axb5 13. a3 Qb8 14. Nd4 b4 15. Nd5 Nxd5 16. exd5 Qb7 17. Qb3 Ba4 18. Qxb4 Qxd5 19. Qd2 f5 20. f4 Rfe8 21. Rf2 Rab8 22. Rc1 Rec8 23. Rxc8+ Rxc8 24. Nf3 Qb3 25. Bd4 Rc2 26. Qxc2 Qxc2 27. Rxc2 Bxc2 28. b4 Bh6 29. g3 e5 30. fxe5 dxe5 31. Nxe5 Bc1 32. Nc4 Bd3 33. Be3 Bxc4 34. Bxc1 Kf7 35. Kf2 Ke6 36. Ke3 Kd5 37. Kf4 Ke6 38. Kg5 Kf7 39. a4 Bb3 40. a5 Bc4 41. Kh6 Kg8 42. g4 fxg4 43. Kg5 Kf7 44. Kh6 Ke6 45. Kxh7 Bd3 46. b5 Bxb5 47. Kxg6 Kd5 48. Kg5 Be2 49. a6 1/2-1/2

[Event "Norway Eliteserien 2023-24"]
[Site "Oslo"]
[Date "2024.03.09"]
[Round "8.12"]
[White "SK 1911-A. Isik"]
[Black "Mitusov, Semen"]
[Result "1/2-1/2"]
[ECO "D38"]
[WhiteElo "2436"]
[BlackElo "2487"]
[Annotator "NA"]
[PlyCount "90"]
[EventDate "2023.10.27"]
[EventType "team-tourn"]
[EventCountry "NOR"]
[SourceTitle "playchess.com"]
[Source "ChessBase"]
[SourceQuality "1"]
[TimeControl "40/5400+30:1800+30"]

1. d4 d5 2. c4 e6 3. Nf3 Nf6 4. Nc3 Nbd7 5. cxd5 exd5 6. Bg5 Bb4 7. Qb3 c5 8. e3 Qa5 9. Rc1 c4 10. Qc2 Ne4 11. Bh4 Qxa2 12. Be2 b5 13. O-O Bxc3 14. bxc3 Qxc2 15. Rxc2 Nb6 16. Nd2 Bf5 17. Nxe4 Bxe4 18. Ra2 Na4 19. Rc1 Nxc3 20. Rxc3 b4 21. Rc1 b3 22. Rb2 a5 23. f3 a4 24. fxe4 a3 25. Rbb1 a2 26. Be1 axb1=Q 27. Rxb1 Kd7 28. exd5 Rhb8 29. Bxc4 b2 30. Kf2 Ra1 31. Bd3 Rxb1 32. Bxb1 Ra8 33. Bc3 Ra1 34. Bxh7 g6 35. Bxb2 Ra2 36. h4 Rxb2+ 37. Kf3 Ke7 38. h5 gxh5 39. Be4 Rd2 40. Kf4 h4 41. Bf3 f6 42. Kf5 Rd3 43. Ke4 Rd2 44. Kf5 Rd3 45. Ke4 Rd2 1/2-1/2

[Event "Norway Eliteserien 2023-24"]
[Site "Oslo"]
[Date "2024.03.09"]
[Round "8.13"]
[White "Johannessen, Leif Erlend"]
[Black "Risting, Eivind Olav"]
[Result "0-1"]
[ECO "A80"]
[WhiteElo "2412"]
[BlackElo "2324"]
[Annotator "RC"]
[PlyCount "77"]
[EventDate "2023.10.27"]
[EventType "team-tourn"]
[EventCountry "NOR"]
[SourceTitle "playchess.com"]
[Source "ChessBase"]
[SourceQuality "1"]
[TimeControl "40/5400+30:1800+30"]

1. d4 f5 2. Nc3 Nf6 3. Bg5 d5 4. e3 e6 5. Nf3 Be7 6. Bd3 O-O 7. O-O Ne4 8. Bxe7 Qxe7 9. Ne2 c6 10. c4 Nd7 11. Qc2 Rf6 12. Ne5 Rh6 13. g3 Qe8 14. f3 Nd6 15. Rac1 Qh5 16. Rf2 Qg5 17. Qd2 Qf6 18. Nxd7 Bxd7 19. Qb4 e5 20. c5 Nf7 21. Qxb7 Qd8 22. f4 e4 23. Bc2 Re6 24. Nc3 Re7 25. Qa6 Qc7 26. b4 Bc8 27. Qe2 a6 28. Na4 Be6 29. Nb6 Ra7 30. Bb3 Re8 31. a4 Nd6 32. Qf1 Nc8 33. Rfc2 Kf7 34. b5 axb5 35. axb5 cxb5 36. Qxb5 Ne7 37. Ra2 Rb7 38. Ra6 Reb8 39. Qa4 0-1

[Event "Norway Eliteserien 2023-24"]
[Site "Oslo"]
[Date "2024.03.09"]
[Round "8.14"]
[White "Wallace, John Paul"]
[Black "Ingebretsen, Jens E"]
[Result "0-1"]
[ECO "C00"]
[WhiteElo "2365"]
[BlackElo "2400"]
[Annotator "RC"]
[PlyCount "98"]
[EventDate "2023.10.27"]
[EventType "team-tourn"]
[EventCountry "NOR"]
[SourceTitle "playchess.com"]
[Source "ChessBase"]
[SourceQuality "1"]
[TimeControl "40/5400+30:1800+30"]

1. e4 c5 2. Nf3 e6 3. d3 d5 4. Qe2 Be7 5. g3 Nc6 6. Bg2 Nf6 7. e5 Nd7 8. c4 O-O 9. O-O a6 10. h4 b5 11. Bf4 Nb6 12. b3 bxc4 13. dxc4 a5 14. Rd1 a4 15. Nc3 axb3 16. axb3 Rxa1 17. Rxa1 Nb4 18. Na2 dxc4 19. Nxb4 cxb4 20. bxc4 Qc7 21. Rc1 Ba6 22. Nd4 Bxc4 23. Qg4 Bc5 24. Nc6 b3 25. Bh6 f5 26. exf6 Rxf6 27. Bf4 Qd7 28. Kh2 b2 29. Rb1 Na4 30. Ne5 Qd4 31. Rd1 Qxd1 32. Qxd1 Nc3 33. Qc2 b1=Q 34. Qxc3 Bxf2 35. Qxc4 Bg1+ 36. Kh3 Qf5+ 37. Ng4 h5 38. Bf3 hxg4+ 39. Bxg4 Qd5 40. Qc8+ Kh7 41. Qc2+ Rg6 42. Qg2 Qxg2+ 43. Kxg2 Rxg4 44. Kxg1 Kg6 45. Kf2 Kf5 46. Kf3 g6 47. Be3 Rb4 48. Bf2 e5 49. Be3 e4+ 0-1

[Event "Norway Eliteserien 2023-24"]
[Site "Oslo"]
[Date "2024.03.09"]
[Round "8.15"]
[White "Getz, Nicolai"]
[Black "Lindbol, Aleksander"]
[Result "1/2-1/2"]
[ECO "B11"]
[WhiteElo "2352"]
[BlackElo "2229"]
[Annotator "RC"]
[PlyCount "115"]
[EventDate "2023.10.27"]
[EventType "team-tourn"]
[EventCountry "NOR"]
[SourceTitle "playchess.com"]
[Source "ChessBase"]
[SourceQuality "1"]
[TimeControl "40/5400+30:1800+30"]

1. e4 c6 2. Nc3 d5 3. Nf3 Bg4 4. h3 Bxf3 5. Qxf3 Nf6 6. Be2 e6 7. O-O Be7 8. Rd1 d4 9. Nb1 h5 10. c3 g5 11. cxd4 Qxd4 12. Nc3 g4 13. Qe3 Bc5 14. Qxd4 Bxd4 15. d3 gxh3 16. gxh3 Rg8+ 17. Kf1 Nbd7 18. Bf4 Rg6 19. Bf3 O-O-O 20. Ke2 e5 21. Bh2 Nc5 22. Rac1 a5 23. Kf1 Ne6 24. Rd2 Rh8 25. Nb5 Kd7 26. Nxd4 Nxd4 27. Bd1 Rhg8 28. f4 exf4 29. Rf2 Ke7 30. Rxf4 Ne6 31. Rf5 Nd4 32. Rf2 Ne6 33. Be5 Rg1+ 34. Ke2 Nd7 35. Bh2 Rh1 36. Kd2 Ndc5 37. Rxf7+ Kxf7 38. Bxh5+ Ke7 39. Rxh1 Rg2+ 40. Ke3 Rxb2 41. d4 Nd7 42. d5 cxd5 43. exd5 Nf6 44. Bf3 Ng5 45. d6+ Ke6 46. Bd1 Nxh3 47. Bb3+ Kd7 48. Bg3 Ng5 49. Rf1 Rg2 50. Rxf6 Rxg3+ 51. Kf4 Rf3+ 52. Kxg5 Rxf6 53. Kxf6 Kxd6 54. Kf5 Kc5 55. Ke4 Kb4 56. Kd5 a4 57. Bc4 b5 58. Bxb5 1/2-1/2

[Event "Norway Eliteserien 2023-24"]
[Site "Oslo"]
[Date "2024.03.09"]
[Round "8.16"]
[White "Kjolberg, Jens Hjorth"]
[Black "Haug, Havard"]
[Result "1/2-1/2"]
[ECO "B30"]
[WhiteElo "2183"]
[BlackElo "2341"]
[Annotator "RC"]
[PlyCount "63"]
[EventDate "2023.10.27"]
[EventType "team-tourn"]
[EventCountry "NOR"]
[SourceTitle "playchess.com"]
[Source "ChessBase"]
[SourceQuality "1"]
[TimeControl "40/5400+30:1800+30"]

1. e4 c5 2. Nf3 Nc6 3. Bb5 e6 4. Bxc6 bxc6 5. b3 d6 6. e5 dxe5 7. Nxe5 Qd4 8. Nc4 Qxa1 9. Nc3 Nf6 10. O-O Nd5 11. Qf3 Ba6 12. Ba3 Qxf1+ 13. Kxf1 Be7 14. Ne4 O-O 15. g3 Nb4 16. c3 f5 17. cxb4 fxe4 18. Qxe4 cxb4 19. Bb2 Rad8 20. d3 Bxc4 21. bxc4 Bf6 22. Qxe6+ Kh8 23. Bxf6 Rxf6 24. Qe7 Rfd6 25. Qxa7 Rxd3 26. Qc5 Rd2 27. Qxb4 Rxa2 28. Qc5 h6 29. Qxc6 Raa8 30. c5 Rac8 31. Qb6 Rd7 32. h4 1/2-1/2

[Event "Norway Eliteserien 2023-24"]
[Site "Oslo"]
[Date "2024.03.09"]
[Round "8.21"]
[White "Sklyarov, Dmitry V."]
[Black "Notkevich, Benjamin Arvola"]
[Result "1/2-1/2"]
[ECO "E61"]
[WhiteElo "2450"]
[BlackElo "2462"]
[Annotator "RC"]
[PlyCount "105"]
[EventDate "2023.10.27"]
[EventType "team-tourn"]
[EventCountry "NOR"]
[SourceTitle "playchess.com"]
[Source "ChessBase"]
[SourceQuality "1"]
[TimeControl "40/5400+30:1800+30"]

1. d4 Nf6 2. Nf3 g6 3. e3 Bg7 4. Be2 O-O 5. O-O c5 6. dxc5 Qa5 7. c4 Qxc5 8. Nc3 Nc6 9. e4 d6 10. Be3 Qa5 11. h3 Be6 12. a3 Rfc8 13. b4 Qd8 14. Rc1 a5 15. b5 Nb8 16. Ng5 Nbd7 17. Na4 Rab8 18. c5 Nf8 19. Nb6 Rc7 20. Qa4 N6d7 21. Nxe6 Nxe6 22. Nxd7 Qxd7 23. c6 bxc6 24. bxc6 Qc8 25. Bb5 Nd4 26. Bxd4 Bxd4 27. Qc4 Bb2 28. Rb1 Bxa3 29. Ba6 Qe8 30. Rb7 Rbxb7 31. Bxb7 Bb4 32. f4 e6 33. f5 exf5 34. exf5 Qe5 35. Qh4 d5 36. Qf4 Qxf4 37. Rxf4 g5 38. Rg4 f6 39. Kf1 Bc3 40. Ke2 d4 41. Re4 Kf8 42. Kd3 a4 43. Kc4 Bb2 44. Re2 a3 45. Kb3 Bc1 46. Re1 Bf4 47. Rd1 Re7 48. Kxa3 Re3+ 49. Kb4 Be5 50. Rxd4 Bxd4 51. c7 Rc3 52. c8=Q+ Rxc8 53. Bxc8 1/2-1/2

[Event "Norway Eliteserien 2023-24"]
[Site "Oslo"]
[Date "2024.03.09"]
[Round "8.22"]
[White "Vestby-Ellingsen, Mads"]
[Black "Mikalsen, Erlend"]
[Result "1/2-1/2"]
[ECO "B75"]
[WhiteElo "2338"]
[BlackElo "2341"]
[Annotator "RC"]
[PlyCount "35"]
[EventDate "2023.10.27"]
[EventType "team-tourn"]
[EventCountry "NOR"]
[SourceTitle "playchess.com"]
[Source "ChessBase"]
[SourceQuality "1"]
[TimeControl "40/5400+30:1800+30"]

1. e4 c5 2. Nf3 d6 3. d4 cxd4 4. Nxd4 Nf6 5. Nc3 g6 6. Be3 Bg7 7. f3 a6 8. Qd2 Nbd7 9. O-O-O b5 10. Bh6 Bxh6 11. Qxh6 Bb7 12. Kb1 Rc8 13. Nce2 Qc7 14. Qd2 Nb6 15. Nc1 O-O 16. Bd3 d5 17. exd5 Nfxd5 18. Nde2 1/2-1/2

[Event "Norway Eliteserien 2023-24"]
[Site "Oslo"]
[Date "2024.03.09"]
[Round "8.23"]
[White "Nielsen, Andre"]
[Black "Lund, Gunnar"]
[Result "1/2-1/2"]
[ECO "C16"]
[WhiteElo "2271"]
[BlackElo "2321"]
[Annotator "ChessBase"]
[PlyCount "75"]
[EventDate "2023.10.27"]
[EventType "team-tourn"]
[EventCountry "NOR"]
[SourceTitle "playchess.com"]
[Source "ChessBase"]
[SourceQuality "1"]
[TimeControl "40/5400+30:1800+30"]

1. e4 e6 2. d4 d5 3. Nc3 Bb4 4. e5 b6 5. Qg4 Bf8 6. Bg5 Qd7 7. Nf3 Ne7 8. Rd1 h6 9. Bc1 Bb7 10. Bd3 Nbc6 11. a3 O-O-O 12. Ne2 Nf5 13. h4 h5 14. Qh3 Kb8 15. O-O g6 16. Bg5 Rc8 17. Bf6 Rg8 18. Bxf5 exf5 19. Ng5 Ba6 20. Rfe1 Bxe2 21. Rxe2 Bh6 22. e6 fxe6 23. Nxe6 Rce8 24. Rde1 Bd2 25. Rxd2 Rxe6 26. Be5 Rge8 27. f4 Kb7 28. Qf3 Ne7 29. Rde2 a5 30. c4 c6 31. c5 b5 32. Qc3 Ra8 33. Qg3 Ng8 34. b3 Rae8 35. Qc3 Ra8 36. Qg3 Qe8 37. Kf1 Qf7 38. Kg1 1/2-1/2

[Event "Norway Eliteserien 2023-24"]
[Site "Oslo"]
[Date "2024.03.09"]
[Round "8.24"]
[White "Schouten, Mathias Lind"]
[Black "Bruaset, Eivind"]
[Result "1/2-1/2"]
[ECO "C02"]
[WhiteElo "2291"]
[BlackElo "2239"]
[Annotator "RC"]
[PlyCount "116"]
[EventDate "2023.10.27"]
[EventType "team-tourn"]
[EventCountry "NOR"]
[SourceTitle "playchess.com"]
[Source "ChessBase"]
[SourceQuality "1"]
[TimeControl "40/5400+30:1800+30"]

1. e4 e6 2. d4 d5 3. e5 c5 4. c3 Nc6 5. Nf3 Bd7 6. Bd3 cxd4 7. O-O Rc8 8. Re1 Be7 9. cxd4 Nb4 10. Nc3 Nxd3 11. Qxd3 h5 12. Nxd5 exd5 13. e6 Bxe6 14. Rxe6 Nf6 15. Re2 O-O 16. Bg5 Ne4 17. Bxe7 Qxe7 18. Nd2 Rfe8 19. Rae1 Qb4 20. Nf1 Nf6 21. Ne3 Re4 22. a3 Qd6 23. f3 Re6 24. Nf5 Qd7 25. Rxe6 fxe6 26. Nh4 Qf7 27. Ng6 Nd7 28. g3 Rc6 29. Kg2 Qf6 30. Nf4 h4 31. Re2 Kf7 32. Qe3 Nb6 33. b3 g5 34. Nh3 Kg6 35. f4 g4 36. Ng5 h3+ 37. Kf2 Nc8 38. Nxe6 Nd6 39. Ng5 Rc8 40. Qe6 Ne4+ 41. Rxe4 dxe4 42. Qxc8 Qxd4+ 43. Ke2 Qd3+ 44. Ke1 Qe3+ 45. Kf1 Qd3+ 46. Ke1 Qe3+ 47. Kd1 Qg1+ 48. Ke2 Qxh2+ 49. Ke3 Qxg3+ 50. Kxe4 Qe1+ 51. Kd4 Qd2+ 52. Ke5 Qb2+ 53. Ke4 Qe2+ 54. Kd5 Qd2+ 55. Ke5 Qb2+ 56. Ke4 Qe2+ 57. Kd5 Qd2+ 58. Ke4 Qe2+ 1/2-1/2

[Event "Norway Eliteserien 2023-24"]
[Site "Oslo"]
[Date "2024.03.09"]
[Round "8.25"]
[White "Skaar, Ben Samuel Groth"]
[Black "Myagmarsuren, Evsuld"]
[Result "1-0"]
[ECO "B95"]
[WhiteElo "1980"]
[BlackElo "2142"]
[Annotator "RC"]
[PlyCount "91"]
[EventDate "2023.10.27"]
[EventType "team-tourn"]
[EventCountry "NOR"]
[SourceTitle "playchess.com"]
[Source "ChessBase"]
[SourceQuality "1"]
[TimeControl "40/5400+30:1800+30"]

1. e4 c5 2. Nf3 d6 3. d4 cxd4 4. Nxd4 Nf6 5. Nc3 a6 6. Bg5 e6 7. f4 Be7 8. Qd2 h6 9. Bxf6 Bxf6 10. O-O-O O-O 11. g4 b5 12. a3 Bb7 13. Bg2 Nd7 14. Nb3 Bxc3 15. Qxc3 Nf6 16. Nc5 Qb6 17. Nxb7 Qxb7 18. Rxd6 Rac8 19. Qd2 Nxg4 20. h3 Nf6 21. e5 Ne4 22. Qd3 f5 23. exf6 Rxc2+ 24. Qxc2 Rc8 25. Rd8+ Rxd8 26. Bxe4 Qa7 27. fxg7 Kxg7 28. Qc3+ Kf7 29. f5 Rc8 30. fxe6+ Ke7 31. Bc6 Qc7 32. Qb4+ Kxe6 33. Re1+ Kf7 34. Rf1+ Kg7 35. Qg4+ Kh8 36. Rf6 Qxc6+ 37. Rxc6 Rxc6+ 38. Kd2 Rf6 39. h4 Kh7 40. h5 Rd6+ 41. Kc3 Rc6+ 42. Kd3 Rd6+ 43. Ke4 a5 44. Ke5 Rd2 45. Qg6+ Kh8 46. Qxh6+ 1-0

[Event "Norway Eliteserien 2023-24"]
[Site "Oslo"]
[Date "2024.03.09"]
[Round "8.26"]
[White "Torfoss, Sivert Schanche"]
[Black "Hammari, Vinjar"]
[Result "1-0"]
[ECO "A46"]
[WhiteElo "1962"]
[BlackElo "1875"]
[Annotator "RC"]
[PlyCount "57"]
[EventDate "2023.10.27"]
[EventType "team-tourn"]
[EventCountry "NOR"]
[SourceTitle "playchess.com"]
[Source "ChessBase"]
[SourceQuality "1"]
[TimeControl "40/5400+30:1800+30"]

1. Nf3 d5 2. g3 Nf6 3. Bg2 e6 4. d4 Be7 5. O-O b5 6. a4 b4 7. c4 bxc3 8. bxc3 Ba6 9. Re1 O-O 10. Ne5 c5 11. Bg5 Qc7 12. Nd2 Rd8 13. e4 Bb7 14. Rb1 Nc6 15. exd5 exd5 16. Rxb7 Qxb7 17. Nxc6 Qxc6 18. Rxe7 Qd6 19. Re5 cxd4 20. cxd4 Qb4 21. Bxf6 gxf6 22. Rxd5 Rxd5 23. Bxd5 Rd8 24. Ne4 Qb6 25. Qh5 Qxd4 26. Qxf7+ Kh8 27. Nxf6 Qd3 28. Be4 Qd1+ 29. Kg2 1-0

[Event "Norway Eliteserien 2023-24"]
[Site "Oslo"]
[Date "2024.03.09"]
[Round "8.31"]
[White "Asker-A. Brkic"]
[Black "Houska, Jovanka"]
[Result "1-0"]
[ECO "B12"]
[WhiteElo "2633"]
[BlackElo "2342"]
[Annotator "ChessBase"]
[PlyCount "87"]
[EventDate "2023.10.27"]
[EventType "team-tourn"]
[EventCountry "NOR"]
[SourceTitle "playchess.com"]
[Source "ChessBase"]
[SourceQuality "1"]
[TimeControl "40/5400+30:1800+30"]

1. e4 c6 2. d4 d5 3. e5 Bf5 4. Nf3 e6 5. Be2 Ne7 6. c3 Nd7 7. O-O c5 8. dxc5 Nxc5 9. Be3 Nc6 10. Nd4 Bg6 11. c4 dxc4 12. Nxc6 bxc6 13. Nd2 Be7 14. Nxc4 O-O 15. Qc1 Qc7 16. Bg5 Rfd8 17. Bxe7 Qxe7 18. Qe3 Rd5 19. Rfc1 Nd3 20. Bxd3 Rxd3 21. Qe2 Qc5 22. Nd6 Qd5 23. b3 a5 24. Nc4 Qd4 25. Qe1 Qg4 26. Ne3 Qg5 27. Nf1 Rd5 28. Rxc6 Rxe5 29. Qc1 Qd8 30. Qc3 Rd5 31. Rc1 h5 32. Rc5 Rd3 33. Qe5 a4 34. b4 Qd4 35. Qxd4 Rxd4 36. a3 Rd3 37. R5c3 Rad8 38. f3 Rxc3 39. Rxc3 Rd1 40. Kf2 Rb1 41. Nd2 Rb2 42. Ke2 Bc2 43. b5 Bb3 44. Rxb3 1-0

[Event "Norway Eliteserien 2023-24"]
[Site "Oslo"]
[Date "2024.03.09"]
[Round "8.32"]
[White "Bern, Ivar"]
[Black "Asker-A. Jankovic"]
[Result "0-1"]
[ECO "A21"]
[WhiteElo "2300"]
[BlackElo "2550"]
[Annotator "ChessBase"]
[PlyCount "92"]
[EventDate "2023.10.27"]
[EventType "team-tourn"]
[EventCountry "NOR"]
[SourceTitle "playchess.com"]
[Source "ChessBase"]
[SourceQuality "1"]
[TimeControl "40/5400+30:1800+30"]

1. c4 d6 2. g3 e5 3. Bg2 f5 4. d4 Be7 5. Nc3 c6 6. e4 Nf6 7. dxe5 dxe5 8. Qxd8+ Bxd8 9. Nf3 Nxe4 10. Nxe4 fxe4 11. Ng5 Bxg5 12. Bxg5 Bf5 13. O-O Nd7 14. Rfe1 Nc5 15. b4 Nd3 16. Re2 O-O 17. Rf1 h6 18. Bd2 Nb2 19. Bxh6 Nxc4 20. Bg5 a5 21. Rc1 e3 22. Bxe3 Bd3 23. Ree1 axb4 24. Bc5 Rf7 25. Bxb4 Rxa2 26. f4 exf4 27. Rxc4 Bxc4 28. Re8+ Kh7 29. Be4+ Kh6 30. h4 Ra1+ 31. Kh2 Ra2+ 32. Kg1 g6 33. Rh8+ Kg7 34. Bc3+ Rf6 35. Rb8 Ba6 36. Rd8 Kf7 37. Bxf6 Kxf6 38. gxf4 Ra4 39. Bc2 Rxf4 40. Rf8+ Ke5 41. Rxf4 Kxf4 42. Bxg6 Bc4 43. Kf2 b5 44. Ke1 c5 45. Kd2 b4 46. Kd1 Be6 0-1

[Event "Norway Eliteserien 2023-24"]
[Site "Oslo"]
[Date "2024.03.09"]
[Round "8.33"]
[White "Tisdall, Jonathan D"]
[Black "Stokke, Kjetil"]
[Result "1-0"]
[ECO "A65"]
[WhiteElo "2375"]
[BlackElo "2302"]
[Annotator "RC"]
[PlyCount "73"]
[EventDate "2023.10.27"]
[EventType "team-tourn"]
[EventCountry "NOR"]
[SourceTitle "playchess.com"]
[Source "ChessBase"]
[SourceQuality "1"]
[TimeControl "40/5400+30:1800+30"]

1. d4 Nf6 2. c4 g6 3. Nc3 Bg7 4. e4 d6 5. f3 O-O 6. Nge2 c5 7. d5 e6 8. Bg5 h6 9. Be3 exd5 10. cxd5 a6 11. a4 Nbd7 12. Qd2 Ne5 13. Ng3 h5 14. Be2 h4 15. Nf1 Nh7 16. Bh6 f5 17. Bxg7 Kxg7 18. exf5 Bxf5 19. f4 h3 20. gxh3 Nf7 21. Ng3 Nh6 22. Rg1 Qa5 23. O-O-O Qb4 24. Bd3 Bxd3 25. Qxd3 Qxf4+ 26. Kb1 Qg5 27. Nge4 Qe5 28. Nxc5 dxc5 29. Rxg6+ Kh8 30. Rxh6 Qf5 31. Qxf5 Rxf5 32. Rb6 Rf7 33. Ne4 Rd8 34. Nxc5 Rf5 35. Nxb7 Rdxd5 36. Rxd5 Rxd5 37. Rxa6 1-0

[Event "Norway Eliteserien 2023-24"]
[Site "Oslo"]
[Date "2024.03.09"]
[Round "8.34"]
[White "Gullaksen, Eirik"]
[Black "Sahl, Bjarke"]
[Result "1/2-1/2"]
[ECO "C85"]
[WhiteElo "2321"]
[BlackElo "2216"]
[Annotator "RC"]
[PlyCount "52"]
[EventDate "2023.10.27"]
[EventType "team-tourn"]
[EventCountry "NOR"]
[SourceTitle "playchess.com"]
[Source "ChessBase"]
[SourceQuality "1"]
[TimeControl "40/5400+30:1800+30"]

1. e4 e5 2. Nf3 Nc6 3. Bb5 a6 4. Ba4 Nf6 5. O-O Be7 6. Bxc6 dxc6 7. Re1 Nd7 8. b3 Nf8 9. Bb2 f6 10. d4 exd4 11. Nxd4 Ne6 12. Nf5 Qxd1 13. Rxd1 Kf7 14. Nd2 Bf8 15. Nc4 g6 16. Nfe3 Be7 17. e5 f5 18. Nd6+ cxd6 19. exd6 Bf6 20. Bxf6 Kxf6 21. d7 Rd8 22. dxc8=Q Raxc8 23. Kf1 b5 24. c3 h5 25. f3 Rxd1+ 26. Rxd1 Rd8 1/2-1/2

[Event "Norway Eliteserien 2023-24"]
[Site "Oslo"]
[Date "2024.03.09"]
[Round "8.35"]
[White "Aulin-Jansson, Joran"]
[Black "Demac, Elias"]
[Result "0-1"]
[ECO "A87"]
[WhiteElo "2102"]
[BlackElo "2212"]
[Annotator "ChessBase"]
[PlyCount "92"]
[EventDate "2023.10.27"]
[EventType "team-tourn"]
[EventCountry "NOR"]
[SourceTitle "playchess.com"]
[Source "ChessBase"]
[SourceQuality "1"]
[TimeControl "40/5400+30:1800+30"]

1. Nf3 f5 2. g3 Nf6 3. Bg2 d6 4. O-O g6 5. d4 Bg7 6. c4 O-O 7. Nc3 Qe8 8. Re1 Qf7 9. b3 Ne4 10. Bb2 Nc6 11. Rc1 Nxc3 12. Bxc3 e5 13. e3 h6 14. dxe5 dxe5 15. Qd5 Rd8 16. Qxf7+ Kxf7 17. Red1 Be6 18. Ne1 e4 19. Bxg7 Kxg7 20. Nc2 Ne5 21. Nd4 Bf7 22. c5 Bd5 23. Bf1 c6 24. Be2 a5 25. a3 Kf6 26. Kf1 g5 27. Rc3 h5 28. Nc2 h4 29. gxh4 gxh4 30. h3 Rg8 31. Bc4 Bxc4+ 32. bxc4 Rad8 33. Rd6+ Rxd6 34. cxd6 c5 35. Rb3 Rd8 36. Rb5 Rxd6 37. Rxc5 Rd2 38. Nd4 Rxf2+ 39. Kxf2 Nd3+ 40. Ke2 Nxc5 41. Nb5 Ke5 42. Nc3 Nd3 43. Na4 f4 44. Nb6 f3+ 45. Kf1 Nb2 46. c5 Nd1 0-1

[Event "Norway Eliteserien 2023-24"]
[Site "Oslo"]
[Date "2024.03.09"]
[Round "8.36"]
[White "Abdullah, Mansoor"]
[Black "Strand, Vetle Bjorge"]
[Result "0-1"]
[ECO "D46"]
[WhiteElo "2270"]
[BlackElo "2089"]
[Annotator "RC"]
[PlyCount "54"]
[EventDate "2023.10.27"]
[EventType "team-tourn"]
[EventCountry "NOR"]
[SourceTitle "playchess.com"]
[Source "ChessBase"]
[SourceQuality "1"]
[TimeControl "40/5400+30:1800+30"]

1. d4 d5 2. c4 c6 3. Nc3 Nf6 4. e3 e6 5. Nf3 Nbd7 6. Qc2 Bd6 7. Bd3 dxc4 8. Bxc4 b5 9. Bd3 Bb7 10. O-O O-O 11. e4 e5 12. h3 exd4 13. Nxd4 Nc5 14. Rd1 Nxd3 15. Qxd3 Be5 16. Be3 b4 17. Na4 Qa5 18. Qc2 Nxe4 19. Qxe4 Bxd4 20. Bxd4 Qxa4 21. Bxg7 Rfe8 22. Qg4 Bc8 23. Qg3 Qc2 24. Rd6 Be6 25. Bh6+ Qg6 26. Qh4 f6 27. Rd3 Qxd3 0-1